 Dungeon Crawl Stone Soup version 0.29.1-12-g30fa7ad0bf (webtiles) character file.

Game seed: 4660275703230451911

216 LustLizard the Chopper (level 5, -2/48 HPs)
             Began as a Minotaur Fighter on Jan 4, 2023.
             Succumbed to Ijyb's poison
             ... on level 4 of the Dungeon.
             The game lasted 00:04:09 (2559 turns).

LustLizard the Chopper (Minotaur Fighter)           Turns: 2559, Time: 00:04:09

Health: -2/48      AC:  6    Str: 19 (22) XL:     5   Next: 61%
Magic:  4/4        EV: 13    Int:  2 (5)  God:
Gold:   224        SH:  4    Dex:  8 (10) Spells: 4/4 levels left

rFire   . . .      SeeInvis .   u - +3 hand axe of Pride {drain, rC+}
rCold   + + .      Faith    .   c - +0 buckler
rNeg    . . .      Spirit   .   b - +0 scale mail
rPois   .          Reflect  .   (helmet restricted)
rElec   .          Harm     .   (no cloak)
rCorr   .          Rampage  .   (no gloves)
Will    .....                   (no boots)
Stlth   ..........              (no amulet)
HPRegen 0.16/turn               h - ring of protection from cold
MPRegen 0.09/turn               n - +4 ring of evasion

@: lethally poisoned (-2 -> -34), hasted, very quick
A: horns 2, retaliatory headbutt
a: no special abilities


You were on level 4 of the Dungeon.
You visited 1 branch of the dungeon, and saw 4 of its levels.

You collected 224 gold pieces.

Inventory:

Hand Weapons
 a - a +0 war axe
 u - the +3 hand axe of Pride (weapon) {drain, rC+}
   (You found it on level 2 of the Dungeon)

   A truly terrible weapon, it drains the life of any living foe it strikes.
   rC:        It protects you from cold.
 w - the +5 mace of Mandamus {vorpal, *Noise rElec MP+9}
   (You found it on level 3 of the Dungeon)

   It inflicts extra damage upon your enemies.
   rElec:     It insulates you from electricity.
   MP:        It affects your magic capacity (+9).
   *Noise:    It may make noises in combat.
Armour
 b - a +0 scale mail (worn)
 c - a +0 buckler (worn)
Jewellery
 h - a ring of protection from cold (left hand)
 l - a ring of wizardry
 n - a +4 ring of evasion (right hand)
Wands
 x - a wand of polymorph (2)
Scrolls
 e - 3 scrolls of teleportation {unknown}
 f - 2 scrolls of amnesia {unknown}
 i - 2 scrolls of identify {unknown}
 k - a scroll of immolation {unknown}
 m - a scroll of enchant armour {unknown}
 o - a scroll of fear {unknown}
 q - a scroll of poison {unknown}
 r - a scroll of noise {unknown}
 s - a scroll of vulnerability {unknown}
 y - a scroll of enchant weapon {unknown}
Potions
 d - a potion of might
 g - a potion of resistance {unknown}
 j - a potion of haste
 p - 2 potions of cancellation {unknown}
 t - 2 potions of degeneration
 v - a potion of invisibility {unknown}


   Skills:
 + Level 5.3 Fighting
 * Level 6.0 Axes
 - Level 3.6 Armour
 - Level 3.6 Shields


You had 4 spell levels left.
You didn't know any spells.
Your spell library contained the following spells:

 Spells                   Type           Power      Damage    Failure   Level
 Sandblast                Erth           0%         2d4       94%         1
 Slow                     Hex            0%         N/A       94%         1
 Passwall                 Tmut/Erth      0%         N/A       98%         2
 Confusing Touch          Hex            0%         N/A       100%        3
 Dazzling Flash           Conj/Hex       0%         N/A       100%        3
 Stone Arrow              Conj/Erth      0%         3d7       100%        3
 Vampiric Draining        Necr           0%         2d6       100%        3
 Agony                    Necr           0%         N/A       100%        5
 Silence                  Hex/Air        0%         N/A       100%        5


Dungeon Overview and Level Annotations

Branches:
Dungeon (4/15)
 Temple: D:4-7

Altars:
Elyvilon
Xom

Shops:
D:2 =

Annotations:
D:3 1 runed translucent door, ctx's ghost, amateur GnEE
D:4 Ijyb


Innate Abilities, Weirdness & Mutations

You have a pair of horns on your head.
You reflexively headbutt those who attack you in melee.


Message History

The adder is moderately wounded.
Ijyb drinks a potion.
Ijyb seems to grow stronger.
The grasping roots constrict you. The adder bites you but does no damage.
The grasping roots release their grip on you.
You miss the adder. Your headbutt misses the adder.
The adder is moderately wounded.
The adder barely misses you. The adder bites you but does no damage.
You hit the adder. You drain the adder.
You kill the adder!
Your Axes skill increases to level 6!
You slash Ijyb! You drain Ijyb. Your headbutt misses Ijyb.
Ijyb is severely wounded.
Ijyb zaps a wand.
The roots erupt in riotous growth!
The grasping roots grab you!
Ijyb is unaffected.
The grasping roots constrict you.
You closely miss Ijyb.
Ijyb is severely wounded.
Ijyb hits you with a +3 dagger of venom.
You are poisoned.
The grasping roots constrict you.
You hit Ijyb. Your headbutt misses Ijyb.
Ijyb is severely wounded.
You feel very sick. Ijyb hits you but does no damage.
You are lethally poisoned!
The grasping roots constrict you. Ijyb hits you but does no damage.
You are more poisoned.
The grasping roots constrict you.
A quokka comes into view.
The grasping roots release their grip on you.
It was a potion of degeneration.
There was something very wrong with that liquid.
You feel weakened.
You feel dopey.
You feel clumsy.
* * * LOW HITPOINT WARNING * * *
You feel very sick.
Ijyb hits you with a +3 dagger of venom.
* * * LOW HITPOINT WARNING * * *
You are more poisoned.
It was a potion of haste.
You feel yourself speed up.
You die...

######### ........#
#.....#.#####
#####.##........#
#######..†..####......#
......g@†.............##
###..###########........
#. ####.<....#..
##..).###..##.
###..#######⌠### ##...##
#^_§≈.# #######..#..#
##♣...§..
........###.###_^.^≈~..
######### #...⌠_..~_.~~


You could see Ijyb (strong, very drained).

Vanquished Creatures
  An orc wizard (D:3)
  Natasha (thrice) (D:3)
  4 adders
  A worm (D:3)
  2 dart slugs (D:2)
  4 orcs (D:3)
  6 endoplasms
  2 giant cockroaches
  5 goblins
  5 hobgoblins
  7 jackals
  4 quokkas
  6 ball pythons
  5 bats
  7 frilled lizards
  6 kobolds
  2 rats
70 creatures vanquished.

Vanquished Creatures (others)
  A butterfly (D:3)
1 creature vanquished.

Grand Total: 71 creatures vanquished

Notes
Turn   | Place    | Note
-------+----------+-------------------------------------------
     0 | D:1      | LustLizard the Minotaur Fighter began the quest for the
                  | Orb.
     0 | D:1      | Reached XP level 1. HP: 19/19 MP: 0/0
   221 | D:1      | Reached skill level 3 in Axes
   287 | D:1      | Reached XP level 2. HP: 27/27 MP: 1/1
   928 | D:2      | Reached XP level 3. HP: 33/33 MP: 2/2
   972 | D:2      | Reached skill level 4 in Axes
  1018 | D:2      | Found Raryki's Jewellery Shoppe.
  1047 | D:2      | Found a faded altar of an unknown god.
  1357 | D:2      | Identified the +3 hand axe of Pride {drain, rC+}
  1432 | D:2      | Reached XP level 4. HP: 40/41 MP: 3/3
  1716 | D:3      | Found a runed translucent door.
  1719 | D:3      | Noticed ctx's ghost (amateur GnEE)
  1749 | D:3      | Found a white marble altar of Elyvilon.
  1759 | D:3      | Identified the +5 mace of Mandamus {vorpal, *Noise rElec
                  | MP+9}
  1762 | D:3      | Noticed Natasha
  1766 | D:3      | Killed Natasha
  1767 | D:3      | Reached skill level 5 in Axes
  1967 | D:3      | Noticed Natasha
  1974 | D:3      | Killed Natasha
  2111 | D:3      | Noticed Natasha
  2112 | D:3      | Reached XP level 5. HP: 38/47 MP: 4/4
  2118 | D:3      | Killed Natasha
  2119 | D:3      | Reached skill level 5 in Fighting
  2364 | D:3      | Identified the +9 whip "Ultimatum" {flame, rElec}
  2444 | D:4      | Found a shimmering altar of Xom.
  2445 | D:4      | Found a shimmering altar of Xom.
  2467 | D:4      | Found a shimmering altar of Xom.
  2468 | D:4      | Found a shimmering altar of Xom.
  2472 | D:4      | Found a shimmering altar of Xom.
  2548 | D:4      | Noticed Ijyb
  2555 | D:4      | Reached skill level 6 in Axes
  2559 | D:4      | Succumbed to Ijyb's poison

Illustrated notes

Levels and vault maps discovered:
D:1:      wheals_arrival_linesprint, layout_loops_ring
D:2:      layout_rooms, shapermc_ecumenical_altar_mp_highgroup, serial_shops,
          nicolae_shop_temple_entry_statues_fountains, minmay_pentomino_o4
D:3:      layout_basic, nicolae_elyvilon_peaceful_grove, ebering_ghost_sewer_d,
          uniq_natasha
D:4:      old_forge, layout_rooms, xom_redecorated,
          grunt_temple_overflow_forces_of_nature, uniq_ijyb

Skill      XL: |  1  2  3  4  5 |
---------------+----------------+-----
Axes           | 3 4 5 6 |  6.0
Fighting       | 4 5 |  5.3
Armour         | |  3.6
Shields        | |  3.6

Action                   |  1- 3 |  4- 6 || total
-------------------------+-------+-------++-------
Melee: War axe           |    60 |       ||    60
       Headbutt          |     6 |     4 ||    10
       Hand axe          |     4 |    59 ||    63
  Use: Potion            |       |     2 ||     2
Armor: Scale mail        |    23 |    17 ||    40
Dodge: Dodged            |    39 |    18 ||    57
Block: Buckler           |    16 |     7 ||    23
